 Dungeon Crawl Stone Soup version 0.20.1-1-g8b1a95d (webtiles) character file.

62 Ymberti the Skirmisher (level 4, 0/40 HPs)
             Began as a Hill Orc Fighter on Oct 10, 2017.
             Slain by trm's ghost (3 damage)
             ... on level 3 of the Dungeon.
             The game lasted 00:03:10 (1382 turns).

Ymberti the Skirmisher (Hill Orc Fighter)           Turns: 1382, Time: 00:03:10

Health: 0/40       AC: 10    Str: 23    XL:     4   Next: 8%
Magic:  4/4        EV:  7    Int:  8    God:
Gold:   134        SH:  9    Dex: 11    Spells: 3/3 levels left

rFire    . . .     SeeInvis .   a - +0 long sword
rCold    . . .     Gourm    .   c - +0 shield
rNeg     . . .     Faith    .   b - +0 scale mail
rPois    .         Spirit   .   (no helmet)
rElec    .         Reflect  .   q - +2 cloak
rCorr    .         Harm     .   (no gloves)
MR       .....                  (no boots)
Stlth    ..........             (no amulet)
Regen    0.2/turn               (no ring)
MPRegen  0.1/turn               (no ring)

@: mighty, flying
A: no striking features
a: no special abilities


You were on level 3 of the Dungeon.
You were full.

You visited 1 branch of the dungeon, and saw 3 of its levels.

You collected 134 gold pieces.

Inventory:

Hand Weapons
 a - a +0 long sword (weapon)
Armour
 b - a +0 scale mail (worn)
 c - a +0 shield (worn)
 q - a +2 cloak (worn)
Scrolls
 g - 2 scrolls of magic mapping {unknown}
 h - a scroll of enchant armour {unknown}
 j - 2 scrolls of remove curse {unknown}
 l - a scroll of recharging {unknown}
 m - a scroll of immolation {unknown}
 r - a scroll of fear {unknown}
 t - a scroll of fog {unknown}
 u - 3 scrolls of identify {unknown}
Potions
 e - 2 potions of ambrosia
 i - a potion of heal wounds
 k - 2 potions of flight
 o - a potion of resistance {unknown}
 p - 2 potions of degeneration {unknown}
 s - a potion of cancellation {unknown}
Comestibles
 f - a bread ration
 n - a fruit
 v - a meat ration


   Skills:
 + Level 4.1 Fighting
 + Level 3.2 Long Blades
 + Level 3.7 Armour
 + Level 0.1 Dodging
 + Level 3.9 Shields


You had 3 spell levels left.
You didn't know any spells.

Dungeon Overview and Level Annotations

Branches:
Dungeon (3/15)

Altars:
Elyvilon
Vehumet

Annotations:
D:3 trm's ghost, amateur GrFi


Message History

You block trm's ghost's attack.
You hit trm's ghost but do no damage.
Trm's ghost is almost destroyed.
Trm's ghost hits you but does no damage.
You hit trm's ghost but do no damage.
Trm's ghost is almost destroyed.
Trm's ghost hits you.
* * * LOW HITPOINT WARNING * * *
Trm's ghost hits you.
* * * LOW HITPOINT WARNING * * *
You feel much better. Trm's ghost hits you!
* * * LOW HITPOINT WARNING * * *
You hit trm's ghost but do no damage.
Trm's ghost is almost destroyed.
Trm's ghost hits you!
* * * LOW HITPOINT WARNING * * *
You closely miss trm's ghost.
Trm's ghost is almost destroyed.
Trm's ghost hits you.
You die...

### ###.# #..@# #.#W#
#.#.# ##### #.#.#.#
###...## ####.#.#.#
##...#..###(...#.#.#
...####.#...#..#.#[##
# .♣##
♣...♣##.).....#.###
♣♣ ♣♣♣♣♣♣............


You could see trm's ghost.

Vanquished Creatures
  2 adders (D:2)
  An ooze (D:1)
  A worm (D:2)
  2 dart slugs (D:1)
  An orc (D:3)
  A giant cockroach (D:1)
  7 goblins
  4 hobgoblins
  A ball python (D:2)
  3 bats
  A frilled lizard (D:2)
  3 kobolds
  5 rats
32 creatures vanquished.

Vanquished Creatures (others)
  A dart slug (D:1)
1 creature vanquished.

Grand Total: 33 creatures vanquished

Notes
Turn   | Place    | Note
-------+----------+-------------------------------------------
     0 | D:1      | Ymberti the Hill Orc Fighter began the quest for the Orb.
     0 | D:1      | Reached XP level 1. HP: 19/19 MP: 1/1
    86 | D:1      | Reached XP level 2. HP: 27/27 MP: 2/2
   548 | D:1      | Reached skill level 4 in Fighting
   575 | D:2      | Reached XP level 3. HP: 33/33 MP: 3/3
  1090 | D:2      | Reached XP level 4. HP: 31/40 MP: 4/4
  1225 | D:3      | Found a white marble altar of Elyvilon.
  1229 | D:3      | Found a radiant altar of Vehumet.
  1345 | D:3      | Noticed trm's ghost (amateur GrFi)
  1382 | D:3      | Slain by trm's ghost

Skill      XL: |  1  2  3 |
---------------+----------+-----
Fighting       | 4 |  4.1
Long Blades    | 3 |  3.2
Armour         | |  3.7
Dodging        | |  0.1
Shields        | |  3.9

Action                   |  1- 3 |  4- 6 || total
-------------------------+-------+-------++-------
Melee: Long sword        |    82 |    19 ||   101
  Use: Potion            |       |     5 ||     5
  Eat: Bread ration      |     1 |       ||     1
       Royal jelly       |     1 |       ||     1
Armor: Scale mail        |    22 |     9 ||    31
Dodge: Dodged            |    29 |     3 ||    32
Block: Shield            |    38 |     6 ||    44
       Rpst.: Long sword |    10 |       ||    10
